 Dungeon Crawl Stone Soup version 0.22.1-1-ga44c0e56f4 (webtiles) character file.

95186 ito725 the Severer (level 15, 0/143 HPs)
             Began as a Minotaur Berserker on Sept 26, 2018.
             Was an Elder of Trog.
             Killed from afar by a starcursed mass (7 damage)
             ... with an accursed screaming
             ... on level 2 of the Abyss.
             The game lasted 01:27:11 (18043 turns).

ito725 the Severer (Minotaur Berserker)            Turns: 18043, Time: 01:27:12

Health: 0/143      AC: 26    Str: 21 (23) XL:     15   Next: 65%
Magic:  20/20      EV:  9    Int: 13      God:    Trog [****..]
Gold:   1180       SH:  0    Dex:  9 (10) Spells: 14/14 levels left

rFire    . . .     SeeInvis .   I - +2 battleaxe (freeze) {!d}
rCold    + . .     Gourm    .   (shield currently unavailable)
rNeg     . . .     Faith    .   q - +6 plate armour of Duty {rC+ Int+6 Dex-4}
rPois    .         Spirit   .   (helmet restricted)
rElec    .         Reflect  .   p - +0 cloak
rCorr    .         Harm     .   i - +1 pair of gloves
MR       ++++.                  (no boots)
Stlth    ..........             B - amulet of regeneration
HPRegen  1.73/turn              n - ring of protection from magic
MPRegen  0.17/turn              D - +3 ring of slaying

@: berserk cooldown, regenerating, slowed, very slow
A: retaliatory headbutt, horns 2, blink, [blurry vision 1], clever 1,
deterioration 1, wild magic 1, evolution 1, [no potion heal 2]
a: Blink, Berserk, Trog's Hand, Brothers in Arms, Renounce Religion


You were on level 2 of the Abyss.
You worshipped Trog.
Trog was greatly pleased with you.
You were very hungry.

You visited 4 branches of the dungeon, and saw 19 of its levels.
You visited the Abyss 1 time.
You also visited: Ice Cave.

You collected 1521 gold pieces.
You spent 341 gold pieces at shops.

Inventory:

Hand Weapons
 d - a +0 demon whip of venom
 u - a +0 halberd of venom
 C - a +1 scimitar of flaming
 E - the +10 spear "Sythroyck" {vamp, rF+ Str+2}
   (You took it off a spriggan on level 5 of the Lair of Beasts)

   It inflicts no extra harm, but heals its wielder when it wounds a living foe.
   It affects your strength (+2).
   It protects you from fire.
 I - a +2 battleaxe of freezing (weapon) {!d}
 T - a +0 broad axe of electrocution
 U - a +1 antimagic executioner's axe {!d}
Armour
 h - +0 fire dragon scales
 i - a +1 pair of gloves (worn)
 p - a +0 cloak (worn)
 q - the +6 plate armour of Duty (worn) {rC+ Int+6 Dex-4}
   (You found it in an ice cave)

   It affects your intelligence (+6).
   It affects your dexterity (-4).
   It protects you from cold.
Jewellery
 g - an uncursed ring of positive energy
 n - a ring of protection from magic (left hand)
 s - an uncursed ring of ice
 B - an amulet of regeneration (around neck)
 D - a +3 ring of slaying (right hand)
 K - an uncursed ring of ice
 N - an uncursed amulet of rage
 R - an uncursed ring of protection from magic
Wands
 t - a wand of flame (52)
 v - a wand of acid (30)
 F - a wand of iceblast (14)
 H - a wand of digging (23)
 M - a wand of paralysis (35)
 Q - a wand of polymorph (19)
 V - a wand of random effects (24)
 W - a wand of clouds (5)
Scrolls
 a - 2 scrolls of immolation
 e - 5 scrolls of teleportation
 j - 4 scrolls of blinking
 k - 5 scrolls of identify
 l - 7 scrolls of amnesia
 r - 4 scrolls of remove curse
 w - 2 scrolls of magic mapping
 x - a scroll of fear
 y - 2 scrolls of enchant armour
 z - 2 scrolls of enchant weapon
Potions
 b - 2 potions of ambrosia
 f - 4 potions of might
 m - 6 potions of lignification
 o - 4 potions of mutation
 A - 4 potions of flight
 G - 5 potions of curing
 L - a potion of haste
 S - 3 potions of degeneration
Miscellaneous
 J - a lightning rod (4/4)
Comestibles
 c - 40 rations


   Skills:
 + Level 15.9 Fighting
 + Level 20.9 Axes
 + Level 14.4 Armour
 + Level 6.9 Dodging
 - Level 8.0 Evocations


You had 14 spell levels left.
You didn't know any spells.
Your spell library contained the following spells:

 Spells                   Type           Power        Failure   Level  Hunger
 Freeze                   Ice            #...         98%         1    ##.....
 Ozocubu's Armour         Chrm/Ice       #.......     100%        3    ####...
 Summon Ice Beast         Ice/Summ       #.......     100%        4    #####..
 Throw Icicle             Conj/Ice       #.......     100%        4    #####..
 Bolt of Cold             Conj/Ice       #.........   100%        6    #######
 Ozocubu's Refrigeration  Ice            #.........   100%        6    #######


Dungeon Overview and Level Annotations

Branches:
Dungeon (11/15)            Temple (1/1) D:7            Lair (6/6) D:9
 Shoals (0/4) Lair:2        Snake (0/4) Lair:4        Slime (0/5) Lair:5
    Orc (1/2) D:11

Altars:
Ashenzari
Cheibriados
Dithmenos
Fedhas
Gozag
Hepliaklqana
Kikubaaqudgha
Makhleb
Nemelex Xobeh
Okawaru
Qazlal
Ru
Sif Muna
Uskayaw
Vehumet
Wu Jian
Xom
Yredelemnul
Zin
The Shining One
Beogh

Shops:
D:4 }   D:6 !   D:7 *

Annotations:
Lair:6 1 runed door


Innate Abilities, Weirdness & Mutations

You reflexively headbutt those who attack you in melee.
You have a pair of horns on your head.
You can translocate small distances at will.
Your mind is acute. (Int +2)
Your body sometimes deteriorates upon taking damage.
Your spells are a little harder to cast, but a little more powerful.
You evolve.
[Scrolls take you a little longer to read.]
[Potions are poor at restoring your health.]


Message History

Unknown command.
A starcursed mass comes into view.
The starcursed mass shrieks in your mind.
The starcursed mass moves out of view.
You slash the starcursed mass! You freeze the starcursed mass.
You destroy the starcursed mass!
Trog accepts your kill. The hellephant breathes flames at you.
The blast of flame hits you!
* * * LOW HITPOINT WARNING * * *
Unknown command.
You feel a strong urge to attack something.
You are no longer berserk.
You are exhausted.
You feel yourself slow down.
Really read with blurry vision while enemies are nearby? [Y]es or [N]o only, please.
Really read with blurry vision while enemies are nearby?
A chorus of shrieks assaults your mind.
You die...

#.#.#. ##
..... .#
.##....## ..
..#.#..####
#. .#......#.
#..#...#.§..#
##......§##
#..@##.#..#
#.##.#...# ≈#
.. #..#.# ≈
..# ##.X..#
.♣ ..
##.###X#§ # .
#.#.X..X§
#...#X#.#
##.##§X##..≈≈
### X#X.≈ #X≈


You could see 3 starcursed masses.

Vanquished Creatures
  A hellephant (Abyss:2)
  3 tentacled starspawn (Abyss:2)
  A balrug (Abyss:2)
  6 starcursed masses (Abyss:2)
  The ghost of brittlin the Severer, a journeyman HOFi of Makhleb (Lair:5)
  A lorocyproca (Abyss:2)
  A fire dragon (Lair:5)
  A great orb of eyes (Abyss:2)
  6 hydras
  Erolcha (D:11)
  2 rakshasas (Abyss:2)
  The ghost of Azzok the Covert, a journeyman GnEn of Zin (D:10)
  3 two-headed ogres
  Erica (D:8)
  10 death yaks
  2 hell hogs (Abyss:2)
  4 thrashing horrors (Abyss:2)
  Urug (D:11)
  2 sun demons (Abyss:2)
  4 wretched stars (Abyss:2)
  A shadow wraith (Abyss:2)
  2 unseen horrors (D:11)
  2 glowing orange brains (Abyss:2)
  An orc knight (D:11)
  A lindwurm (Lair:5)
  Pikel (D:8)
  A mana viper (Abyss:2)
  2 ugly things (D:11)
  A manticore (D:11)
  Maurice (D:8)
  2 worldbinders (Abyss:2)
  A rust devil (Abyss:2)
  A toenail golem (Abyss:2)
  An apocalypse crab (Abyss:2)
  An ice statue (IceCv)
  10 spiny frogs
  A black mamba (Lair:4)
  Psyche (D:8)
  2 smoke demons (Abyss:2)
  A kobold demonologist (D:11)
  5 rime drakes
  A centaur skeleton (D:11)
  6 komodo dragons
  An efreet (Abyss:2)
  3 ancient zymes (Abyss:2)
  2 trolls (D:11)
  15 polar bears
  A queen bee (D:8)
  3 hornets
  A wolf spider simulacrum (D:10)
  7 blink frogs
  7 hippogriffs
  16 raiju (Abyss:2)
  7 large abominations (Abyss:2)
  4 flying skulls (Abyss:2)
  2 shadows (D:11)
  2 spriggans (Lair:5)
  2 basilisks (Lair:3)
  A ynoxinul (Abyss:2)
  50 yaks
  3 wyverns
  Grum (D:11)
  2 hungry ghosts
  A human (D:3)
  9 steam dragons (Lair:5)
  7 porcupines
  6 water moccasins
  3 sky beasts
  Duvessa (D:4)
  A black bear (D:11)
  A slave (D:8)
  9 orc warriors
  2 eyes of draining (D:10)
  2 ice beasts
  A necrophage (D:8)
  A black mamba simulacrum (Abyss:2)
  A boggart (Lair:5)
  5 ogres
  27 wolves
  8 centaurs
  7 crocodiles
  13 bullfrogs
  9 small abominations (Abyss:2)
  Dowan (D:4)
  8 scorpions
  10 wights
  25 killer bees
  2 electric eels (Lair:4)
  3 howler monkeys
  A spectral bullfrog (D:10)
  2 spectral centaurs (D:10)
  A centaur zombie (D:10)
  A bullfrog zombie (D:7)
  6 crimson imps
  7 quasits
  9 jellies
  12 hounds
  Crazy Yiuf (D:2)
  10 orc priests
  2 bullfrog skeletons
  An iron imp (Abyss:2)
  11 orc wizards
  2 hell rats (Lair:1)
  4 worker ants
  A bullfrog simulacrum (D:10)
  A hound skeleton (D:4)
  2 howler monkey zombies
  2 worker ant zombies
  16 gnolls
  12 adders
  11 river rats (Lair:1)
  A shadow imp (D:11)
  13 white imps
  An ufetubus (Abyss:2)
  5 oozes
  2 adder zombies
  2 adder skeletons
  2 worms
  A dart slug (D:3)
  5 leopard geckos
  43 orcs
  2 ball pythons
  6 bats
  4 giant cockroaches
  9 goblins
  6 hobgoblins
  4 jackals (D:1)
  11 kobolds
  3 quokkas
  7 frilled lizards
  A goblin zombie (D:3)
  6 rats
  20 plants
  5 starspawn tentacles (Abyss:2)
665 creatures vanquished.

Vanquished Creatures (collateral kills)
  An ancient lich (Abyss:2)
  A frost giant (IceCv)
  A hydra (Lair:5)
  3 death yaks
  Sonja (Lair:1)
  2 starcursed masses (Abyss:2)
  A wizard (Abyss:2)
  5 rime drakes (Lair:5)
  2 polar bears (IceCv)
  3 raiju (Abyss:2)
  A ynoxinul (Abyss:2)
  2 yaks (IceCv)
  A small abomination (Abyss:2)
24 creatures vanquished.

Vanquished Creatures (others)
  2 yaks (IceCv)
  A slave (D:8)
  A wolf (IceCv)
  A bullfrog (Lair:5)
  A hound (D:4)
  A gnoll shaman (D:8)
  A gnoll (D:8)
  6 fungi
  6 plants
  5 starspawn tentacles (Abyss:2)
25 creatures vanquished.

Grand Total: 714 creatures vanquished

Notes
Turn   | Place    | Note
-------+----------+-------------------------------------------
     0 | D:1      | ito725 the Minotaur Berserker began the quest for the Orb.
     0 | D:1      | Reached XP level 1. HP: 19/19 MP: 0/0
   400 | D:1      | Reached XP level 2. HP: 27/27 MP: 1/1
   429 | D:1      | Reached skill level 4 in Axes
   914 | D:1      | Reached XP level 3. HP: 31/33 MP: 2/2
  1243 | D:2      | Found a sacrificial altar of Ru.
  1279 | D:2      | Reached ** piety under Trog
  1441 | D:2      | Reached XP level 4. HP: 40/41 MP: 3/3
  1502 | D:2      | Found a glowing golden altar of the Shining One.
  1797 | D:2      | Found a runed door.
  1906 | D:2      | Found a deep blue altar of Sif Muna.
  2062 | D:2      | Noticed Crazy Yiuf
  2067 | D:2      | Killed Crazy Yiuf
  2067 | D:2      | Reached skill level 5 in Axes
  2260 | D:3      | Reached XP level 5. HP: 47/47 MP: 4/4
  2296 | D:3      | Found a runed door.
  2296 | D:3      | Noticed a human
  2312 | D:3      | Found a basalt altar of Yredelemnul.
  2352 | D:3      | Killed a human
  2352 | D:3      | Reached skill level 5 in Fighting
  2352 | D:3      | Reached skill level 6 in Axes
  2352 | D:3      | Reached XP level 6. HP: 56/56 MP: 5/5
  2558 | D:3      | Found a basalt altar of Yredelemnul.
  2763 | D:4      | Found a sparkling altar of Nemelex Xobeh.
  2767 | D:4      | Found Ecrymaph's Gadget Shop.
  2783 | D:4      | Got a creamy pearl robe
  2841 | D:4      | Identified the +0 robe "Sige" {rN++} (You found it on level
                  | 4 of the Dungeon)
  2856 | D:4      | Noticed Duvessa
  2857 | D:4      | Noticed Dowan
  2866 | D:4      | Killed Duvessa
  2866 | D:4      | Reached *** piety under Trog
  2866 | D:4      | Reached XP level 7. HP: 61/61 MP: 6/6
  2871 | D:4      | Killed Dowan
  2871 | D:4      | Reached skill level 7 in Axes
  2953 | D:4      | Reached skill level 5 in Armour
  3452 | D:5      | Entered Level 5 of the Dungeon
  3467 | D:5      | Reached skill level 8 in Axes
  3480 | D:5      | Found a burning altar of Makhleb.
  3562 | D:5      | Reached XP level 8. HP: 63/70 MP: 7/7
  3693 | D:5      | You fall through a shaft!
  3845 | D:6      | Found Pucuag's Distillery.
  3945 | D:6      | Reached skill level 9 in Axes
  4149 | D:6      | Reached skill level 10 in Axes
  4165 | D:6      | Found a shadowy altar of Dithmenos.
  4271 | D:7      | Noticed a hippogriff
  4282 | D:7      | Killed a hippogriff
  4358 | D:7      | Reached **** piety under Trog
  4372 | D:7      | Reached XP level 9. HP: 75/79 MP: 8/8
  4426 | D:7      | Reached skill level 5 in Dodging
  4493 | D:7      | Reached skill level 11 in Axes
  4532 | D:7      | Found a staircase to the Ecumenical Temple.
  4715 | D:7      | Found Qyaps's General Store.
  4718 | D:7      | Bought a scroll of blinking for 75 gold pieces
  4992 | Temple   | Entered the Ecumenical Temple
  5269 | D:8      | Noticed Erica
  5275 | D:8      | Killed Erica
  5275 | D:8      | Reached skill level 12 in Axes
  5401 | D:8      | Reached XP level 10. HP: 79/90 MP: 9/9
  5462 | D:8      | Noticed Psyche
  5584 | D:8      | Killed Psyche
  5652 | D:8      | Found a radiant altar of Vehumet.
  5744 | D:8      | Reached skill level 13 in Axes
  5769 | D:8      | Noticed Pikel
  5778 | D:8      | Killed Pikel
  5844 | D:8      | Noticed Maurice
  5857 | D:8      | Killed Maurice
  6167 | D:9      | Reached ***** piety under Trog
  6320 | D:9      | Found a shimmering altar of Xom.
  6322 | D:9      | Found a radiant altar of Vehumet.
  6322 | D:9      | Found a shadowy altar of Dithmenos.
  6324 | D:9      | Found a basalt altar of Yredelemnul.
  6324 | D:9      | Found an opulent altar of Gozag.
  6324 | D:9      | Found a basalt altar of Yredelemnul.
  6339 | D:9      | Noticed a two-headed ogre
  6353 | D:9      | Identified Terylurch's Disquisition on Poisoning and
                  | Necromancy
  6441 | D:9      | Killed a two-headed ogre
  6441 | D:9      | Reached skill level 14 in Axes
  6955 | D:9      | Found a staircase to the Lair.
  6974 | D:9      | Reached skill level 10 in Fighting
  6975 | D:9      | Reached XP level 11. HP: 81/99 MP: 10/10
  7061 | D:9      | Found a stormy altar of Qazlal.
  7166 | D:6      | Bought a potion of mutation for 112 gold pieces
  7166 | D:6      | Bought a potion of curing for 42 gold pieces
  7166 | D:6      | Bought a potion of might for 56 gold pieces
  7166 | D:6      | Bought a potion of might for 56 gold pieces
  7166 | D:6      | Gained mutation: You tend to lose your temper in combat.
                  | [potion of mutation]
  7166 | D:6      | Gained mutation: Your body sometimes deteriorates upon
                  | taking damage. [potion of mutation]
  7166 | D:6      | Gained mutation: You evolve. [potion of mutation]
  7166 | D:6      | Gained mutation: Your spells are a little harder to cast,
                  | but a little more powerful. [potion of mutation]
  7272 | Lair:1   | Entered Level 1 of the Lair of Beasts
  7448 | Lair:1   | Found a frozen archway.
  7588 | Lair:1   | Lost mutation: You tend to lose your temper in combat.
                  | [evolution]
  7631 | IceCv    | Entered an ice cave
  8278 | IceCv    | Got a distressingly furry plate armour
  8289 | IceCv    | Identified the +6 plate armour of Duty {rC+ Int+6 Dex-4}
                  | (You found it in an ice cave)
  8341 | IceCv    | Reached skill level 15 in Axes
  8341 | IceCv    | Reached skill level 10 in Armour
  8703 | IceCv    | Received a gift from Trog
  8921 | IceCv    | Noticed a frost giant
  8921 | IceCv    | Noticed a death yak
  8934 | IceCv    | Killed a death yak
  8938 | IceCv    | Killed a frost giant
  8938 | IceCv    | Reached XP level 12. HP: 107/111 MP: 3/11
  8941 | IceCv    | Reached skill level 16 in Axes
  8990 | IceCv    | Identified the Reference Book on the Frostbite
  9456 | Lair:1   | Noticed Sonja
  9460 | Lair:1   | Killed Sonja
 10092 | Lair:2   | Noticed a seven-headed hydra
 10103 | Lair:2   | Killed a three-headed hydra
 10497 | Lair:2   | Found a staircase to the Shoals.
 10720 | Lair:2   | Noticed a four-headed hydra
 10732 | Lair:2   | Killed a one-headed hydra
 10920 | Lair:3   | Reached skill level 1 in Evocations
 10960 | Lair:3   | Reached skill level 17 in Axes
 11057 | Lair:3   | Noticed a seven-headed hydra
 11063 | Lair:3   | Killed a five-headed hydra
 11447 | Lair:3   | Gained mutation: Your mind is acute. (Int +2) [evolution]
 11957 | Lair:4   | Found a staircase to the Snake Pit.
 11983 | Lair:4   | Noticed a five-headed hydra
 11999 | Lair:4   | Killed a one-headed hydra
 12019 | Lair:4   | Reached XP level 13. HP: 89/119 MP: 14/14
 12022 | Lair:4   | Received a gift from Trog
 12942 | Lair:5   | Reached skill level 18 in Axes
 12978 | Lair:5   | Noticed a fire dragon
 12990 | Lair:5   | Killed a fire dragon
 13312 | Lair:5   | Found a runed door.
 13318 | Lair:5   | Noticed brittlin's ghost (journeyman HOFi)
 13336 | Lair:5   | Killed brittlin's ghost
 13406 | Lair:5   | Got an encrusted spear {vamp}
 13479 | Lair:5   | Found a staircase to the Slime Pits.
 13571 | Lair:5   | Reached skill level 5 in Evocations
 14031 | Lair:6   | Entered Level 6 of the Lair of Beasts
 14031 | Lair:6   | Found a runed door.
 14055 | Lair:5   | Reached XP level 14. HP: 73/130 MP: 17/17
 14057 | Lair:5   | Reached skill level 19 in Axes
 14389 | D:10     | Entered Level 10 of the Dungeon
 14483 | D:10     | Received a gift from Trog
 14627 | D:10     | Found a runed gate.
 14627 | D:10     | Found a runed gate.
 14627 | D:10     | Found a runed gate.
 14629 | D:10     | Noticed Azzok's ghost (journeyman GnEn)
 14659 | D:10     | Killed Azzok's ghost
 15314 | Lair:5   | Identified the +10 spear "Sythroyck" {vamp, rF+ Str+2} (You
                  | took it off a spriggan on level 5 of the Lair of Beasts)
 15644 | D:11     | Reached ****** piety under Trog
 15655 | D:11     | Found a roughly hewn altar of Beogh.
 15655 | D:11     | Found a staircase to the Orcish Mines.
 15675 | D:11     | Received a gift from Trog
 15685 | D:11     | Got a pitted shortbow {god gift}
 15686 | D:11     | Identified the +4 shortbow "Kik Vaza" {flame, rC++ MR+}
                  | (Trog gifted it to you on level 11 of the Dungeon)
 15717 | D:11     | Noticed Urug
 15725 | D:11     | Killed Urug
 15953 | D:11     | Noticed Grum
 15960 | D:11     | Killed Grum
 15994 | D:11     | Gained mutation: You can translocate small distances at
                  | will. [evolution]
 16307 | D:11     | Noticed Erolcha
 16314 | D:11     | Killed Erolcha
 16378 | Orc:1    | Entered Level 1 of the Orcish Mines
 16382 | Orc:1    | Cast into level 2 of the Abyss (orc warrior)
 16622 | Abyss:2  | Noticed a tentacled starspawn
 16639 | Abyss:2  | Killed a tentacled starspawn
 16639 | Abyss:2  | Reached skill level 20 in Axes
 16860 | Abyss:2  | Noticed a hellephant
 16876 | Abyss:2  | Killed a hellephant
 16914 | Abyss:2  | Reached XP level 15. HP: 80/139 MP: 19/19
 16943 | Abyss:2  | Received a gift from Trog
 17053 | Abyss:2  | Reached skill level 15 in Fighting
 17108 | Abyss:2  | Noticed a tentacled starspawn
 17116 | Abyss:2  | Killed a tentacled starspawn
 17128 | Abyss:2  | Noticed a tentacled starspawn
 17140 | Abyss:2  | Killed a tentacled starspawn
 17289 | Abyss:2  | Noticed an ancient lich
 17319 | Abyss:2  | Killed an ancient lich
 17539 | Abyss:2  | Noticed a bone dragon
 18018 | Abyss:2  | Noticed a hellephant
 18039 | Abyss:2  | HP: 4/214 [hellephant/blast of flame (67)]
 18043 | Abyss:2  | Killed from afar by a starcursed mass

Skill      XL: |  1  2  3  4  5  6  7  8  9 10 11 12 13 14 15 |
---------------+----------------------------------------------+-----
Fighting       | 4 5 6 7 8 10 11 12 13 14 15 | 15.9
Axes           | 4 5 6 8 10 12 14 15 17 18 20 | 20.9
Armour         | 3 4 5 6 7 9 10 11 12 13 14 | 14.4
Dodging        | 3 4 5 6 |  6.9
Evocations     | 3 5 7 8 |  8.0

Action                   |  1- 3 |  4- 6 |  7- 9 | 10-12 | 13-15 || total
-------------------------+-------+-------+-------+-------+-------++-------
Melee: Hand axe          |    71 |    91 |   107 |       |       ||   269
       Headbutt          |    10 |    15 |    41 |   114 |   141 ||   321
       War axe           |       |       |   108 |   327 |       ||   435
       Battleaxe         |       |       |       |   158 |   682 ||   840
       Scimitar          |       |       |       |    23 |    10 ||    33
       Halberd           |       |       |       |     5 |       ||     5
       Executioner's axe |       |       |       |       |    16 ||    16
Invok: Berserk           |       |     3 |     2 |     7 |    12 ||    24
       Trog's Hand       |       |     1 |     2 |       |    15 ||    18
       Brothers in Arms  |       |       |       |     2 |     8 ||    10
 Abil: Blink             |       |       |       |       |     1 ||     1
Evoke: Wand              |       |       |       |     1 |       ||     1
  Use: Scroll            |       |     7 |       |     5 |     9 ||    21
       Potion            |       |       |       |     1 |     9 ||    10
 Stab: Distracted        |       |       |       |     1 |       ||     1
       Invisible         |       |       |       |       |     4 ||     4
  Eat: Chunk             |     2 |     8 |    10 |    26 |    27 ||    73
       Ration            |       |       |       |     1 |     4 ||     5
Armor: Animal skin       |     6 |       |       |       |       ||     6
       Ring mail         |    11 |    39 |    45 |       |       ||    95
       Chain mail        |       |       |    48 |   112 |       ||   160
       Plate armour      |       |       |       |   203 |   495 ||   698
Dodge: Dodged            |    39 |    56 |   135 |   230 |   307 ||   767
       Rpst.: Scimitar   |       |       |       |     3 |     1 ||     4
